 Dungeon Crawl Stone Soup version 0.16-a0-4112-g89a4107 (webtiles) character file.

10605 Kaesh the Basher (level 11, -5/120 HPs)
             Began as an Ogre Berserker on Feb 27, 2015.
             Was the Champion of Trog.
             Killed from afar by an electric eel (11 damage)
             ... with a bolt of electricity
             ... on level 1 of the Lair of Beasts.
             The game lasted 01:22:54 (12006 turns).

Kaesh the Basher (Ogre Berserker)                  Turns: 12006, Time: 01:22:56

Health: -5/120     AC: 12    Str: 27    XL:     11   Next: 64%
Magic:  6/6        EV: 12    Int:  6    God:    Trog [******]
Gold:   229        SH:  0    Dex: 13    Spells: 0 memorised, 10 levels left

rFire  x . .     SeeInvis .     x - +2 dire flail "Killer Klown's Peril" {antimagic, rPois Dex+4}
rCold  + + .     Clarity  .     X - +0 ice dragon armour (curse)
rNeg   + + .     SustAb   .     (shield restricted)
rPois  +         Gourm    .     (helmet restricted)
rElec  .         Spirit   .     r - +0 cloak (curse)
rCorr  .         Warding  .     (gloves unavailable)
rMut   .         Stasis   +     (boots unavailable)
MR     +....                    C - amulet "Byut" {Stasis rPois rN++} (curse)
Stlth  +.........               E - ring of magical power
                                D - ring of stealth

@: somewhat resistant to hostile enchantments, very unstealthy
A: unfitting armour, tough skin 1
a: Burn Spellbooks, Berserk, Trog's Hand, Brothers in Arms, Renounce Religion


You were on level 1 of the Lair of Beasts.
You worshipped Trog.
Trog was exalted by your worship.
You were not hungry.

You visited 2 branches of the dungeon, and saw 11 of its levels.
You also visited: Ossuary.

You collected 663 gold pieces.
You spent 434 gold pieces at shops.

Inventory:

Hand weapons
 x - the +2 dire flail "Killer Klown's Peril" (weapon) {antimagic, rPois Dex+4}
   (Trog gifted it to you on level 8 of the Dungeon)

   It disrupts the flow of magical energy around spellcasters and certain
   magical creatures (including the wielder).
   It affects your dexterity (+4).
   It protects you from poison.
 I - a +1 flail of protection
Armour
 a - a +2 large shield
 r - a cursed +0 cloak (worn)
 A - a +2 robe of positive energy
 H - a +2 shield
 X - a cursed +0 ice dragon armour (worn)
Rods
 Y - a +3 rod of shadows (9/9)
   (You found it on level 1 of the Lair of Beasts)
Jewellery
 q - an uncursed amulet of clarity
 C - the cursed amulet "Byut" (around neck) {Stasis rPois rN++}
   (You found it on level 4 of the Dungeon)

   [amulet of stasis]

   It prevents you from being teleported, slowed, hasted or paralysed.
   It protects you from poison.
   It greatly protects you from negative energy.
   It has a curse placed upon it.
 D - a ring of stealth (left hand)
 E - a ring of magical power (right hand)
Magical devices
 i - a wand of digging (7)
 l - a wand of slowing (31)
 o - a wand of disintegration (10)
 U - a wand of polymorph (7)
 V - a wand of magic darts (7)
 Z - a wand of disintegration (1)
Scrolls
 f - 9 scrolls of identify
 h - a scroll of teleportation
 k - 6 scrolls of remove curse
 m - 2 scrolls of recharging
 n - a scroll of random uselessness {unknown}
 p - a scroll of silence {unknown}
 t - 2 scrolls of fear
 G - a scroll of enchant weapon
 J - 3 scrolls of magic mapping
 L - a scroll of noise {unknown}
 M - 2 scrolls of enchant armour {unknown}
 N - 2 scrolls of acquirement {unknown}
 S - 2 scrolls of blinking {unknown}
Potions
 b - a potion of cancellation
 d - a potion of lignification {unknown}
 e - 2 potions of resistance
 g - 2 potions of might
 s - 3 potions of haste
 u - a potion of brilliance
 w - 2 potions of curing
 z - 3 potions of magic
 B - a potion of heal wounds
 F - a potion of cure mutation
 O - a potion of berserk rage
 P - a potion of restore abilities
 Q - a potion of agility
Comestibles
 c - 7 meat rations
 j - 6 bread rations
 v - 2 beef jerkies
 T - 40 fruits


   Skills:
 + Level 11.0 Fighting
 + Level 13.1 Maces & Flails
 + Level 4.3 Armour
 + Level 10.0 Dodging
 + Level 2.0 Stealth
 + Level 4.1 Shields
 + Level 0.1 Evocations


You had 10 spell levels left.
You didn't know any spells.

Dungeon Overview and Level Annotations

Branches:
Dungeon (10/15)            Temple (0/1) D:4            Lair (1/8) D:10
    Orc: D:9-12

Altars:
Dithmenos
Kikubaaqudgha
Okawaru
Qazlal
Ru
Sif Muna
Trog
Xom
Yredelemnul
Zin
The Shining One
Jiyva

Shops:
D:4 !   D:5 [   D:6 }   D:9 !


Innate Abilities, Weirdness & Mutations

You are too large for most types of armour.
You have tough skin (AC +1).


Message History

* * * LOW HITPOINT WARNING * * *
The electric eel shoots out a bolt of lightning at you!
The bolt of electricity hits the electric eel.
The electric eel resists.
The bolt of electricity hits you!
* * * LOW HITPOINT WARNING * * *
Use which ability? (? or * to list)
Your troll goes berserk!
You feel somewhat more hungry.
The electric eel shoots out a bolt of lightning at you!
The bolt of electricity hits the electric eel.
The electric eel resists.
The bolt of electricity hits you!
* * * LOW HITPOINT WARNING * * *
The electric eel shoots out a bolt of lightning at your troll!
The bolt of electricity hits the electric eel.
The electric eel resists.
The bolt of electricity hits your troll.
The electric eel shoots out a bolt of lightning at you!
The bolt of electricity hits the electric eel.
The electric eel resists.
The bolt of electricity hits you!
You die...

.........#.#....##
.................#
................##
................#
...##...........#
...###..........#
....##..........#
...##...........##
..............†.@##
..............††..#≈###♣
...........##...T;;;≈≈≈≈P♣
....##P....##.....≈≈≈P≈≈≈
....###.....#....≈≈P≈≈≈≈≈
#...# #....##.....≈≈≈≈≈≈≈
#...###....##.....≈≈≈P≈≈
#....#............≈≈≈≈≈
#.................PP≈≈


You could see 3 electric eels and a friendly troll (berserk).

Vanquished Creatures
  The ghost of UristMcMason the Frost Mage, a powerful HEIE of Vehumet (D:10)
  Pikel (D:4)
  The ghost of hornqvist the Covert, an experienced SpAs (D:6)
  A spiny frog (Lair:1)
  A fire drake (D:10)
  A two-headed ogre (D:9)
  4 blink frogs (Lair:1)
  A troll (D:9)
  The ghost of Kaesh the Chopper, an average HOBe of Trog (D:4)
  4 yaks (D:10)
  Eustachio (D:5)
  A hippogriff (Lair:1)
  A wraith (D:10)
  A hungry ghost (D:9)
  2 orc warriors
  A porcupine (Lair:1)
  3 black bears (D:8)
  A sky beast (D:9)
  A wasp (D:10)
  4 water moccasins (Lair:1)
  6 centaurs
  3 ice beasts
  5 phantoms
  2 crocodiles (Lair:1)
  Duvessa (D:4)
  6 giant frogs
  2 big kobolds
  8 ogres
  3 water moccasin zombies (Ossuary)
  A scorpion (D:5)
  6 killer bees (D:10)
  Dowan (D:4)
  A goliath beetle (D:7)
  A giant frog skeleton (D:8)
  A wasp zombie (D:10)
  The ghost of xsansara the Sneak, a weakling SpEE (D:3)
  4 crimson imps
  4 orc priests
  9 hounds
  4 jellies
  An iron imp (D:5)
  3 iguanas
  9 worker ants
  Natasha (twice) (D:3)
  9 orc wizards
  3 big kobold zombies (Ossuary)
  9 sheep (Lair:1)
  Ijyb (D:2)
  3 hound skeletons
  A hound zombie (D:6)
  Terence (D:2)
  4 mummies
  A worker ant zombie (D:5)
  11 gnolls
  5 river rats (Lair:1)
  2 shadow imps
  7 adders
  2 worms
  2 giant mites
  An adder skeleton (D:9)
  3 adder zombies (Ossuary)
  6 giant geckos
  4 oozes
  24 orcs
  A ball python (D:2)
  13 bats
  A bat skeleton (D:8)
  17 hobgoblins
  12 jackals
  4 quokkas
  9 giant cockroaches
  A giant cockroach zombie (D:5)
  A giant gecko zombie (D:8)
  14 giant newts
  9 goblins
  A goblin zombie (D:6)
  3 hobgoblin zombies
  20 kobolds
  5 kobold zombies (Ossuary)
  3 orc zombies (Ossuary)
  14 rats
  4 ballistomycetes (D:5)
  A fungus (Lair:1)
348 creatures vanquished.

Vanquished Creatures (others)
  2 slaves (D:4)
  A scorpion (D:4)
  An iguana (D:4)
  An adder (D:4)
  A bat skeleton (D:4)
  A hobgoblin (D:4)
  A giant spore (D:5)
  A goblin (D:4)
  A rat (D:4)
  A fungus (Lair:1)
11 creatures vanquished.

Grand Total: 359 creatures vanquished

Notes
Turn   | Place    | Note
--------------------------------------------------------------
     0 | D:1      | Kaesh, the Ogre Berserker, began the quest for the Orb.
     0 | D:1      | Reached XP level 1. HP: 24/24 MP: 1/1
   130 | D:1      | Reached XP level 2. HP: 32/32 MP: 2/2
   472 | D:1      | Acquired Trog's second power
   473 | D:1      | Reached XP level 3. HP: 36/40 MP: 3/3
   733 | D:2      | Noticed Ijyb
   749 | D:2      | Killed Ijyb
   749 | D:2      | Reached skill level 5 in Maces & Flails
   862 | D:2      | Noticed Terence
   875 | D:2      | Killed Terence
   875 | D:2      | Reached XP level 4. HP: 31/49 MP: 4/4
  1045 | D:2      | Found a deep blue altar of Sif Muna.
  1983 | D:3      | Found a shimmering altar of Xom.
  1991 | D:3      | Reached skill level 5 in Fighting
  1991 | D:3      | Reached XP level 5. HP: 55/57 MP: 5/5
  2186 | D:3      | Noticed Natasha
  2198 | D:3      | Killed Natasha
  2253 | D:3      | Noticed xsansara's ghost (weakling SpEE)
  2265 | D:3      | Killed xsansara's ghost
  2265 | D:3      | Reached XP level 6. HP: 66/66 MP: 6/6
  2275 | D:3      | Noticed Natasha
  2280 | D:3      | Killed Natasha
  2287 | D:3      | Reached skill level 6 in Maces & Flails
  2436 | D:3      | Found a glowing golden altar of the Shining One.
  2483 | D:3      | Found a glowing silver altar of Zin.
  2632 | D:4      | Noticed Pikel
  2647 | D:4      | Killed Pikel
  2647 | D:4      | Reached skill level 7 in Maces & Flails
  2647 | D:4      | Reached skill level 5 in Dodging
  2647 | D:4      | Reached XP level 7. HP: 22/75 MP: 7/7
  2838 | D:4      | Reached XP level 8. HP: 23/83 MP: 8/8
  2847 | D:4      | HP: 6/124 [orc priest/divine providence (13)]
  3176 | D:4      | Noticed Kaesh's ghost (average HOBe)
  3184 | D:4      | Killed Kaesh's ghost
  3220 | D:4      | Reached skill level 8 in Maces & Flails
  3537 | D:4      | Found a staircase to the Ecumenical Temple.
  3595 | D:4      | Found Aryryhi's Distillery.
  3625 | D:4      | Bought a potion of curing for 42 gold pieces
  3625 | D:4      | Bought a potion of heal wounds for 70 gold pieces
  3769 | D:4      | Noticed Duvessa
  3770 | D:4      | Noticed Dowan
  3781 | D:4      | Killed Duvessa
  3784 | D:4      | Killed Dowan
  3816 | D:4      | Acquired Trog's third power
  3847 | D:4      | Got a transparent crystal amulet
  3871 | D:4      | Identified the amulet "Byut" {Stasis rPois rN++} (You found it on level 4 of the Dungeon)
  4394 | D:4      | Reached skill level 1 in Stealth
  4634 | D:5      | Entered Level 5 of the Dungeon
  4712 | D:5      | Reached XP level 9. HP: 39/96 MP: 9/9
  5152 | D:5      | Reached skill level 9 in Maces & Flails
  5199 | D:5      | Found Frifepogh's Antique Armour Shop.
  5202 | D:5      | Bought a glowing shield for 117 gold pieces
  5294 | D:5      | Noticed Eustachio
  5319 | D:5      | Killed Eustachio
  5740 | D:6      | Noticed hornqvist's ghost (experienced SpAs)
  5788 | D:6      | Killed hornqvist's ghost
  5788 | D:6      | Reached skill level 1 in Shields
  5838 | D:6      | Found a shimmering altar of Xom.
  5887 | D:6      | Found Rypoesuj's Gadget Shop.
  6030 | D:6      | Found a sand-covered staircase.
  6039 | Ossuary  | Entered an ossuary
  6498 | D:6      | Found an iron altar of Okawaru.
  6501 | D:6      | Found an ancient bone altar of Kikubaaqudgha.
  6504 | D:6      | Found a sacrificial altar of Ru.
  7223 | D:7      | Reached skill level 10 in Maces & Flails
  7354 | D:7      | Reached XP level 10. HP: 99/106 MP: 10/10
  8292 | D:8      | Found a basalt altar of Yredelemnul.
  8629 | D:8      | Found a bloodstained altar of Trog.
  8725 | D:8      | Found a shadowy altar of Dithmenos.
  9062 | D:8      | Reached skill level 11 in Maces & Flails
  9218 | D:8      | Found a deep blue altar of Sif Muna.
  9227 | D:8      | Received a gift from Trog
  9240 | D:8      | Got a scorched dire flail {god gift}
  9246 | D:8      | Identified the +2 dire flail "Killer Klown's Peril" {antimagic, rPois Dex+4} (Trog gifted it to you on level 8 of the Dungeon)
  9372 | D:9      | Found a stormy altar of Qazlal.
  9873 | D:9      | Found Reuwk's Distillery.
  9879 | D:9      | Bought a potion of resistance for 100 gold pieces
  9879 | D:9      | Bought a potion of cancellation for 80 gold pieces
  9879 | D:9      | Bought a potion of mutation for 25 gold pieces
 10055 | D:10     | Entered Level 10 of the Dungeon
 10057 | D:10     | Found a viscous altar of Jiyva.
 10190 | D:10     | Reached skill level 10 in Fighting
 10190 | D:10     | Reached XP level 11. HP: 73/117 MP: 3/11
 10193 | D:10     | Reached skill level 12 in Maces & Flails
 10620 | D:10     | Noticed UristMcMason's ghost (powerful HEIE)
 10641 | D:10     | Killed UristMcMason's ghost
 10916 | D:10     | Found a staircase to the Lair.
 11139 | Lair:1   | Entered Level 1 of the Lair of Beasts
 11641 | Lair:1   | Reached skill level 10 in Dodging
 11680 | Lair:1   | Reached skill level 13 in Maces & Flails
 11954 | Lair:1   | HP: 1/120 [electric eel/bolt of electricity (9)]
 12005 | Lair:1   | HP: 6/120 [electric eel/bolt of electricity (8)]
 12006 | Lair:1   | Killed from afar by an electric eel

Action                   |  1- 3 |  4- 6 |  7- 9 | 10-12 || total
-------------------------+-------+-------+-------+-------++-------
Melee: Mace              |   123 |   165 |    93 |       ||   381
       Giant club        |       |       |   155 |       ||   155
       Flail             |       |       |   230 |   199 ||   429
       Dire flail        |       |       |       |   385 ||   385
Invok: Berserk           |     1 |     3 |     3 |       ||     7
       Burn Spellbooks   |       |       |       |     2 ||     2
       Trog's Hand       |       |       |       |     1 ||     1
       Brothers in Arms  |       |       |       |     1 ||     1
Evoke: Wand              |       |       |       |     2 ||     2
  Use: Scroll            |       |     2 |     4 |     2 ||     8
       Potion            |       |       |     4 |    10 ||    14
  Eat: Bread ration      |     1 |     1 |     2 |       ||     4
       Royal jelly       |       |     1 |       |       ||     1
       Pizza             |       |       |     2 |     2 ||     4
       Beef jerky        |       |       |     1 |       ||     1
       Fruit             |       |       |     4 |    12 ||    16
       Chunk             |       |       |     4 |     1 ||     5
